 Dungeon Crawl Stone Soup version 0.28.0-43-g3370ac3207 (webtiles) character file.

Game seed: 12811447551516374467

2364 silky the Cleaver (level 9, -7/67 HPs)
             Began as a Minotaur Fighter on Mar 29, 2022.
             Was a Plaything of Xom.
             Mangled by a cyclops (22 damage)
             ... on level 8 of the Dungeon.
             The game lasted 00:38:29 (6967 turns).

silky the Cleaver (Minotaur Fighter)                Turns: 6967, Time: 00:38:29

Health: -7/67      AC: 15    Str: 19 (20) XL:     9   Next: 21%
Magic:  8/8        EV:  6    Int:  4 (5)  God:    Xom [*.....]
Gold:   104        SH:  6    Dex: 17      Spells: 6/8 levels left

rFire   + . .      SeeInvis +   a - +0 war axe (flame)
rCold   . . .      Faith    .   c - +0 buckler
rNeg    . . .      Spirit   .   f - +1 plate armour
rPois   +          Reflect  .   F - +0 hat
rElec   .          Harm     .   (no cloak)
rCorr   .          Rampage  .   i - +0 pair of gloves {Stlth+}
Will    .....      Clarity  +   (no boots)
Stlth   ..........              (no amulet)
HPRegen 0.21/turn               s - ring of wizardry
MPRegen 0.11/turn               C - +6 ring of dexterity

@: mighty
A: horns 2, retaliatory headbutt, see invisible, clarity, deterioration 1, fire
resistance 1, frail 1, high MP 1, poison resistance, weak 2, wild magic 1
a: Renounce Religion


You were on level 8 of the Dungeon.
You worshipped Xom.
You were a special plaything of Xom.
You visited 1 branch of the dungeon, and saw 8 of its levels.

You collected 230 gold pieces.
You spent 126 gold pieces at shops.

Inventory:

Hand Weapons
 a - a +0 war axe of flaming (weapon)
 p - a +1 short sword of speed
 v - a +4 antimagic dire flail
Missiles
 g - 102 stones (quivered)
 j - 2 throwing nets
Armour
 b - the +0 robe "Ydefepp" {Will+ Int+8 Dex-5 SInv}
   (You found it on level 7 of the Dungeon)

   Int:       It affects your intelligence (+8).
   Dex:       It affects your dexterity (-5).
   SInv:      It lets you see invisible.
   Will:      It increases your willpower.
 c - a +0 buckler (worn)
 f - a +1 plate armour (worn)
 i - a +0 pair of gloves of stealth (worn)
 F - a +0 hat (worn)
Jewellery
 s - a ring of wizardry (left hand)
 C - a +6 ring of dexterity (right hand)
 E - a +4 ring of evasion
Wands
 h - a wand of acid (7)
 q - a wand of digging (2)
Scrolls
 e - a scroll of immolation
 k - a scroll of holy word {unknown}
 m - 2 scrolls of torment
 u - a scroll of identify {unknown}
 w - a scroll of enchant weapon {unknown}
 x - a scroll of brand weapon
 y - a scroll of silence {unknown}
 D - a scroll of fog {unknown}
Potions
 l - a potion of heal wounds {unknown}
 n - a potion of attraction {unknown}
 o - 2 potions of ambrosia {unknown}
 r - 4 potions of curing {unknown}
 t - 3 potions of lignification {unknown}
 z - a potion of brilliance {unknown}
 A - a potion of haste {unknown}
 B - a potion of magic {unknown}


   Skills:
 + Level 6.3 Fighting
 + Level 10.2 Axes
 + Level 7.9 Armour
 + Level 0.5 Dodging
 + Level 1.7 Stealth
 + Level 6.9 Shields
 + Level 0.1 Evocations


You had 6 spell levels left.
You knew the following spells:

 Your Spells              Type           Power      Damage    Failure   Level
a - Blink                 Tloc           0%         N/A       100%        2

Your spell library contained the following spells:

 Spells                   Type           Power      Damage    Failure   Level
 Conjure Flame            Conj/Fire      0%         6-21      100%        3
 Ignite Poison            Fire/Tmut/Pois 0%         N/A       100%        3
 Lesser Beckoning         Tloc           0%         N/A       100%        3
 Tukima's Dance           Hex            0%         N/A       100%        3
 Passage of Golubria      Tloc           0%         N/A       100%        4
 Sticky Flame             Conj/Fire      0%         2d3       100%        4
 Manifold Assault         Tloc           0%         N/A       100%        5
 Yara's Violent Unravell  Hex/Tmut       0%         3d3       100%        5


Dungeon Overview and Level Annotations

Branches:
Dungeon (8/15)             Temple (0/1) D:4
   Lair: D:8-11

Altars:
Gozag
Makhleb
Ru
Xom

Shops:
D:2 (   D:5 (

Annotations:
D:3 1 runed translucent door, Grinder; pkoi's ghost, weakling DgGl
D:6 3 runed translucent doors, Zeor's ghost, novice GrMo


Innate Abilities, Weirdness & Mutations

You have a pair of horns on your head.
You reflexively headbutt those who attack you in melee.
You have supernaturally acute eyesight. (SInv)
You possess an exceptional clarity of mind.
Your body sometimes deteriorates upon taking damage.
Your flesh is heat resistant. (rF+)
You are frail. (-10% HP)
You have an increased reservoir of magic. (+10% MP)
Your system is resistant to poisons. (rPois)
You are very weak. (Str -4)
Your spells are a little harder to cast, but a little more powerful.


Message History

Prince Ribbit is heavily wounded.
Prince Ribbit barely misses you. You furiously retaliate!
You headbutt Prince Ribbit! You hit Prince Ribbit. You burn Prince Ribbit.
Prince Ribbit is severely wounded.
Prince Ribbit barely misses you. Prince Ribbit hits you.
You barely miss Prince Ribbit. You headbutt Prince Ribbit.
Prince Ribbit is almost dead.
You block Prince Ribbit's attack.
You closely miss Prince Ribbit. Your headbutt misses Prince Ribbit.
Prince Ribbit is almost dead.
Prince Ribbit lets out a mournful croak.
You block Prince Ribbit's attack. Prince Ribbit hits you.
You completely miss Prince Ribbit. Your headbutt misses Prince Ribbit.
Prince Ribbit is almost dead.
Prince Ribbit hits you but does no damage.
You barely miss Prince Ribbit. Your headbutt misses Prince Ribbit.
Prince Ribbit is almost dead.
Prince Ribbit hits you!
Prince Ribbit blinks!
You block the cyclops's attack.
You slash the cyclops! You burn the cyclops.
The cyclops is moderately wounded.
Prince Ribbit blinks!
The cyclops hits you!
Your body deteriorates!
You feel dopey.
You hit the cyclops. You burn the cyclops. You headbutt the cyclops.
The cyclops is heavily wounded.
You slash the cyclops! You burn the cyclops. Your headbutt misses the cyclops.
The cyclops is almost dead.
The cyclops hits you!
* * * LOW HITPOINT WARNING * * *
Prince Ribbit blinks!
You feel very mighty all of a sudden. The cyclops hits you.
* * * LOW HITPOINT WARNING * * *
You hit the cyclops. You burn the cyclops.
The cyclops is almost dead.
You slash Prince Ribbit! You burn Prince Ribbit.
You kill Prince Ribbit!
The cyclops hits you!!
You die...

#8###8###⌠###8##
.................
.................
.........#.:.#.#
....#......##..# .
#...<......# ...
#...#........####....
#.....................
..####........@..#..
#......?§C.>.....
..................#
............####..##
...#........# .#
...##.##..... .. ..
... #...### . ....
....# ## ####..


You could see a cyclops.

Vanquished Creatures
  Prince Ribbit (D:8)
  A wyvern (D:7)
  An orc warrior (D:6)
  5 sky beasts
  A black bear (D:4)
  2 centaurs (D:7)
  2 ogres
  A phantom (D:4)
  A bullfrog (D:6)
  3 scorpions
  An oklob sapling (D:4)
  6 hounds
  A jelly (D:5)
  A centaur skeleton (D:4)
  A bullfrog skeleton (D:5)
  Terence (D:3)
  2 iguanas
  An orc wizard (D:3)
  A killer bee zombie (D:6)
  11 gnolls
  7 adders
  2 shadow imps
  2 ufetubi (D:6)
  2 adder skeletons (D:4)
  2 worms
  3 dart slugs
  12 orcs
  8 endoplasms
  3 giant cockroaches
  6 goblins
  4 hobgoblins
  15 kobolds
  5 quokkas
  5 ball pythons
  7 bats
  5 frilled lizards
  4 rats (D:2)
136 creatures vanquished.

Vanquished Creatures (collateral kills)
  Sigmund (D:4)
  A howler monkey (D:4)
2 creatures vanquished.

Vanquished Creatures (others)
  3 fungi (D:2)
  21 plants
24 creatures vanquished.

Grand Total: 162 creatures vanquished

Notes
Turn   | Place    | Note
-------+----------+-------------------------------------------
     0 | D:1      | silky the Minotaur Fighter began the quest for the Orb.
     0 | D:1      | Reached XP level 1. HP: 19/19 MP: 0/0
     6 | D:1      | Noticed an anaconda
     6 | D:1      | Noticed a rime drake
     6 | D:1      | Noticed a scorpion
     6 | D:1      | Noticed a black bear
     6 | D:1      | Noticed a hound
   159 | D:1      | Reached XP level 2. HP: 27/27 MP: 1/1
   744 | D:2      | Found a faded altar of an unknown god.
   754 | D:2      | Prayed at the altar of an unknown god.
   754 | D:2      | Became a worshipper of Xom the Tricky
   839 | D:2      | Reached XP level 3. HP: 33/33 MP: 2/2
   911 | D:2      | XOM: silly message
   916 | D:2      | Reached skill level 3 in Axes
   918 | D:2      | HP: 1/33 [gnoll/+0 whip (4)]
   925 | D:1      | XOM: potion effect (invisibility)
   937 | D:1      | Reached XP level 4. HP: 4/41 MP: 3/3
  1376 | D:1      | XOM: noise
  1466 | D:2      | Found Nir Tanu's Antique Weapon Shoppe.
  1731 | D:2      | XOM: noise
  1981 | D:3      | XOM: confuse monster(s)
  2010 | D:3      | Reached XP level 5. HP: 31/47 MP: 4/4
  2021 | D:3      | XOM: give mutations
  2021 | D:3      | Gained mutation: You have supernaturally acute eyesight.
                  | (SInv) [Xom's grace]
  2021 | D:3      | Gained mutation: Your flesh is heat resistant. (rF+) [Xom's
                  | grace]
  2021 | D:3      | Gained mutation: Your system is resistant to poisons.
                  | (rPois) [Xom's grace]
  2021 | D:3      | Gained mutation: You are partially covered in large bone
                  | plates. (SH +4) [Xom's grace]
  2022 | D:3      | Reached skill level 4 in Axes
  2026 | D:3      | XOM: god gift: 18 stones
  2244 | D:3      | Found a sacrificial altar of Ru.
  2258 | D:3      | Reached skill level 1 in Stealth
  2322 | D:3      | Noticed Grinder
  2322 | D:3      | XOM: scenery: create altars
  2324 | D:3      | XOM: cleaving
  2416 | D:3      | Found an opulent altar of Gozag.
  2548 | D:3      | Found a runed translucent door.
  2548 | D:3      | Noticed pkoi's ghost (weakling DgGl)
  2617 | D:3      | XOM: scenery: create altars
  2662 | D:3      | Reached skill level 5 in Axes
  2853 | D:3      | Noticed Terence
  2863 | D:3      | Killed Terence
  2864 | D:3      | Reached XP level 6. HP: 46/53 MP: 5/5
  3281 | D:3      | XOM: destruction
  3285 | D:3      | Paralysed by Grinder for 5 turns
  3303 | D:3      | Paralysed by Grinder for 2 turns
  3305 | D:3      | XOM: fog
  3319 | D:3      | Paralysed by Grinder for 5 turns
  3323 | D:3      | XOM: 3-stop teleportation journey
  3408 | D:4      | Reached skill level 5 in Armour
  3506 | D:4      | XOM: cloud trail
  3652 | D:4      | XOM: 4-stop teleportation journey
  4074 | D:4      | Reached skill level 6 in Axes
  4103 | D:4      | Noticed Sigmund
  4112 | D:4      | XOM: cleaving
  4129 | D:4      | XOM: potion effect (haste)
  4132 | D:4      | Reached skill level 5 in Shields
  4132 | D:4      | Reached XP level 7. HP: 60/60 MP: 6/6
  4149 | D:4      | XOM: summons 6 friendly demons
  4165 | D:4      | Killed Sigmund
  4166 | D:4      | Reached skill level 5 in Fighting
  4166 | D:4      | Reached skill level 7 in Axes
  4234 | D:4      | XOM: summons 4 hostile demons
  4282 | D:4      | Found a staircase to the Ecumenical Temple.
  4284 | D:4      | XOM is BORED!
  4284 | D:4      | XOM: confusion (+ monsters)
  4285 | D:4      | XOM: silly message
  4535 | D:4      | XOM: summons 4 hostile demons
  4616 | D:5      | Entered Level 5 of the Dungeon
  4662 | D:5      | XOM: noise
  4670 | D:5      | XOM: give mutations
  4670 | D:5      | Gained mutation: You have an increased reservoir of magic.
                  | (+10% MP) [Xom's grace]
  4670 | D:5      | Gained mutation: You possess an exceptional clarity of
                  | mind. [Xom's grace]
  4670 | D:5      | Gained mutation: You are resistant to electric shocks.
                  | (rElec) [Xom's grace]
  4670 | D:5      | Gained mutation: Your spells are a little harder to cast,
                  | but a little more powerful. [Xom's grace]
  4865 | D:5      | Learned a level 2 spell: Blink
  4876 | D:5      | Reached XP level 8. HP: 68/68 MP: 7/7
  4884 | D:5      | Found a burning altar of Makhleb.
  4892 | D:5      | XOM: summons 2 hostile shadow creatures
  5020 | D:5      | Found Ehucirud's Antique Weapon Boutique.
  5023 | D:5      | Bought a runed dire flail for 126 gold pieces
  5305 | D:6      | Reached skill level 8 in Axes
  5457 | D:6      | XOM: 1-stop teleportation journey
  5460 | D:6      | XOM: torment (36/70 hp)
  5462 | D:6      | XOM: noise
  5466 | D:6      | Reached skill level 9 in Axes
  5538 | D:6      | XOM: scenery: create altars
  5596 | D:6      | XOM: noise
  5818 | D:6      | Found a runed translucent gate.
  5818 | D:6      | Found a runed translucent gate.
  5818 | D:6      | Found a runed translucent gate.
  5856 | D:6      | XOM: give mutations
  5856 | D:6      | Gained mutation: You are weak. (Str -2) [Xom's mischief]
  5856 | D:6      | Lost mutation: You are partially covered in large bone
                  | plates. (SH +4) [Xom's mischief]
  5902 | D:6      | Reached XP level 9. HP: 51/75 MP: 8/8
  5921 | D:6      | XOM is BORED!
  5921 | D:6      | XOM: give mutations
  5921 | D:6      | Gained mutation: Your body sometimes deteriorates upon
                  | taking damage. [Xom's mischief]
  5921 | D:6      | Gained mutation: You are frail. (-10% HP) [Xom's mischief]
  5921 | D:6      | Lost mutation: You are resistant to electric shocks.
                  | (rElec) [Xom's mischief]
  5921 | D:6      | Gained mutation: You are very weak. (Str -4) [Xom's
                  | mischief]
  5946 | D:6      | Noticed Zeor's ghost (novice GrMo)
  6346 | D:7      | XOM: noise
  6489 | D:7      | Reached skill level 10 in Axes
  6762 | D:7      | Identified the +0 robe "Ydefepp" {Will+ Int+8 Dex-5 SInv}
  6847 | D:7      | XOM: noise
  6949 | D:8      | Noticed Prince Ribbit
  6955 | D:8      | Noticed a cyclops
  6967 | D:8      | Killed Prince Ribbit
  6967 | D:8      | Mangled by a cyclops

Illustrated notes

Levels and vault maps discovered:
D:1:      onia_arrival_zoo_common, layout_basic
D:2:      layout_loops_corners, shapermc_ecumenical_altar_acropolis,
          serial_shops, shop
D:3:      layout_basic, nicolae_gozag_seed_capital,
          nicolae_ru_great_annihilating_truth, ebering_ghost_inner_flame,
          uniq_terence, uniq_grinder
D:4:      layout_basic, minmay_temple_entry_oklob, uniq_sigmund
D:5:      layout_rooms, mainiacjoe_overflow_brackets, minmay_shop_grid_forest
D:6:      layout_loops_cross, gammafunk_ghost_icy, kennysheep_decorative_pillar,
          minmay_misc_feat_roman, st_stairs_5
D:7:      layout_rooms
D:8:      layout_rooms, slow_altar_2, enter_ossuary_5, serial_corexii_hall,
          chequers_hall_statues_wall_a, chequers_hall_statues_corner_a,
          ebering_ghost_disaster_area, uniq_prince_ribbit1

Skill      XL: |  1  2  3  4  5  6  7  8  9 |
---------------+----------------------------+-----
Armour         | 4 5 6 7 |  7.9
Shields        | 4 5 6 |  6.9
Fighting       | 4 5 6 |  6.3
Axes           | 3 5 6 7 9 10 | 10.2
Stealth        | 1 |  1.7
Dodging        | |  0.5
Evocations     | |  0.1

Action                   |  1- 3 |  4- 6 |  7- 9 || total
-------------------------+-------+-------+-------++-------
Melee: War axe           |    64 |   160 |   180 ||   404
       Headbutt          |     8 |    22 |    29 ||    59
Evoke: Wand              |       |       |     2 ||     2
  Use: Scroll            |     1 |     2 |     1 ||     4
       Potion            |       |     1 |     3 ||     4
 Stab: Invisible         |     1 |       |       ||     1
       Sleeping          |       |       |     1 ||     1
Armor: Plate armour      |    43 |   105 |   118 ||   266
Dodge: Dodged            |    24 |    22 |    56 ||   102
Block: Buckler           |    19 |    48 |    75 ||   142
